 Dungeon Crawl Stone Soup version 0.24-a0-139-geb6712d24a (webtiles) character file.

Game seed: 16095223616474276527

541 MirrMurr the Slasher (level 7, -3/55 HPs)
             Began as a Human Berserker on Mar 2, 2019.
             Was a Priest of Trog.
             Slain by an ogre
             ... wielding a +0 giant club
              (13 damage)
             ... on level 4 of the Dungeon.
             The game lasted 00:09:12 (4653 turns).

MirrMurr the Slasher (Human Berserker)              Turns: 4653, Time: 00:09:13

Health: -3/55      AC:  6    Str: 19    XL:     7   Next: 52%
Magic:  7/7        EV: 10    Int:  7    God:    Trog [***...]
Gold:   130        SH:  8    Dex: 13    Spells: 6/6 levels left

rFire    . . .     SeeInvis .   a - +0 falchion
rCold    . . .     Gourm    .   w - +0 shield
rNeg     . . .     Faith    .   t - +0 ring mail
rPois    .         Spirit   .   (no helmet)
rElec    .         Reflect  .   (no cloak)
rCorr    .         Harm     .   f - +0 pair of gloves
MR       .....                  (no boots)
Stlth    +.........             (no amulet)
HPRegen  0.18/turn              (no ring)
MPRegen  0.10/turn              (no ring)

@: no status effects
A: no striking features
a: Berserk, Trog's Hand, Renounce Religion


You were on level 4 of the Dungeon.
You worshipped Trog.
Trog was most pleased with you.
You were not hungry.

You visited 1 branch of the dungeon, and saw 4 of its levels.
You also visited: Sewer.

You collected 130 gold pieces.

Inventory:

Hand Weapons
 a - a +0 falchion (weapon)
 b - a +0 hunting sling
Missiles
 e - 31 poisoned needles
 h - 108 stones (quivered)
 j - 35 sling bullets
Armour
 f - a +0 pair of gloves (worn)
 t - a +0 ring mail (worn)
 w - a +0 shield (worn)
Jewellery
 k - an uncursed amulet of the gourmand {unknown}
 l - an uncursed ring of flight {unknown}
Scrolls
 n - 2 scrolls of magic mapping
 o - 2 scrolls of teleportation
 r - a scroll of remove curse
 s - a scroll of immolation
 v - 2 scrolls of enchant weapon {unknown}
Potions
 d - a potion of magic {unknown}
 g - 4 potions of curing {unknown}
 i - a potion of mutation {unknown}
 m - 3 potions of flight {unknown}
 p - a potion of cancellation {unknown}
 q - a potion of haste
 u - 3 potions of heal wounds {unknown}
Comestibles
 c - 5 rations
 x - 3 chunks of flesh


   Skills:
 + Level 4.4 Fighting
 * Level 5.4 Long Blades
 + Level 3.6 Armour
 + Level 3.7 Dodging
 + Level 1.3 Shields


You had 6 spell levels left.
You didn't know any spells.
Your spell library was empty.

Dungeon Overview and Level Annotations

Branches:
Dungeon (4/15)
 Temple: D:4-7

Altars:
Ashenzari
Makhleb


Message History

You block the ogre's attack.
You hit the ogre but do no damage.
The ogre is heavily wounded.
You barely miss the ogre.
The ogre is heavily wounded.
The ogre hits you with a +0 giant club!
You hit the ogre but do no damage.
The ogre is heavily wounded.
You block the ogre's attack.
You hit the ogre.
The ogre is severely wounded.
The ogre hits you with a +0 giant club!!
* * * LOW HITPOINT WARNING * * *
You are too injured to fight recklessly!
You are too injured to fight recklessly!
You are too injured to fight recklessly!
You hit the ogre but do no damage.
The ogre is severely wounded.
The ogre hits you with a +0 giant club!
You die...

#...|.......##
#(#
##...........#
.(
#...........##
#.
##..........##
#.#
#..........##
..
###.......##
#(## ###....##
#.O# ###..#
#.@### ##รท.##
##.#.###...#
#........##
#.........#
#.........#
#.........#
##....#####
######


You could see an ogre.

Vanquished Creatures
  A big kobold (Sewer)
  3 scorpions
  An iguana (D:4)
  2 worker ants
  9 gnolls
  A river rat (Sewer)
  8 adders
  A worm (D:3)
  2 dart slugs
  A leopard gecko (D:2)
  5 orcs (D:3)
  5 giant cockroaches
  6 goblins
  7 hobgoblins
  7 jackals
  9 kobolds
  A quokka (D:2)
  3 ball pythons
  7 bats
  2 frilled lizards
  A quokka zombie (D:4)
  10 rats
92 creatures vanquished.

Notes
Turn   | Place    | Note
-------+----------+-------------------------------------------
     0 | D:1      | MirrMurr the Human Berserker began the quest for the Orb.
     0 | D:1      | Reached XP level 1. HP: 18/18 MP: 1/1
   348 | D:1      | Reached XP level 2. HP: 20/24 MP: 2/2
  1011 | D:1      | Reached XP level 3. HP: 29/29 MP: 3/3
  1319 | D:2      | Reached XP level 4. HP: 35/35 MP: 4/4
  1417 | D:2      | Reached ** piety under Trog
  1430 | D:2      | Reached skill level 4 in Long Blades
  1740 | D:2      | Reached XP level 5. HP: 8/41 MP: 5/5
  2687 | D:3      | Reached XP level 6. HP: 24/48 MP: 6/6
  3099 | D:3      | Found a burning altar of Makhleb.
  3354 | D:3      | Found a shattered altar of Ashenzari.
  3854 | D:4      | Reached skill level 5 in Long Blades
  3904 | D:4      | Reached *** piety under Trog
  3913 | D:4      | Reached XP level 7. HP: 54/54 MP: 7/7
  4188 | D:4      | Found a glowing drain.
  4192 | D:4      | Reached skill level 1 in Shields
  4209 | Sewer    | Entered a sewer
  4482 | Sewer    | Found a glowing silver altar of Zin.
  4653 | D:4      | Slain by an ogre

Levels and vault maps discovered:
D:1:      eino_arrival_cavern_a, layout_basic
D:2:      layout_rooms, serial_bayou_crossing
D:3:      layout_rooms, lemuel_doored_altar, old_standard_altar, minmay_ruptured
D:4:      layout_cave_pods, kennysheep_mini, portal_sewer_entry_a, uniq_sigmund
Sewer:    sewer_kobolds

Skill      XL: |  1  2  3  4  5  6  7 |
---------------+----------------------+-----
Long Blades    | 4 5 |  5.4
Armour         | 3 |  3.6
Dodging        | 3 |  3.7
Fighting       | 4 |  4.4
Shields        | 1 |  1.3

Action                   |  1- 3 |  4- 6 |  7- 9 || total
-------------------------+-------+-------+-------++-------
Melee: Falchion          |    74 |   175 |    66 ||   315
 Fire: Hunting sling     |       |    15 |    18 ||    33
Throw: Stone             |     1 |       |       ||     1
Invok: Berserk           |     2 |     4 |     2 ||     8
  Use: Scroll            |     5 |     2 |       ||     7
       Potion            |       |     1 |       ||     1
  Eat: Chunk             |     2 |    12 |     2 ||    16
       Ration            |       |       |     1 ||     1
Armor: Animal skin       |     8 |       |       ||     8
       Leather armour    |     7 |    33 |       ||    40
       Ring mail         |       |    11 |    17 ||    28
Dodge: Dodged            |    57 |    95 |    20 ||   172
Block: Shield            |       |    13 |    24 ||    37
       Rpst.: Falchion   |    16 |    30 |     3 ||    49

Table legend:
 A = Non-vault XP
 B = Vault XP
 C = Vault XP percentage of total XP
 D = Non-vault monster count
 E = Vault monster count
 F = Vault count percentage of total count
                 A         B        C        D         E       F
            +---------+---------+-------+---------+---------+-------
      Total |     629 |     145 |  18.7 |      75 |      17 |  18.5
            +---------+---------+-------+---------+---------+-------
        D:1 |      30 |       0 |   0.0 |      16 |       0 |   0.0
        D:2 |     217 |       2 |   0.9 |      25 |       1 |   3.8
        D:3 |     113 |       4 |   3.4 |      22 |       2 |   8.3
        D:4 |     269 |      22 |   7.6 |      12 |       6 |  33.3
      Sewer |       0 |     117 | 100.0 |       0 |       8 | 100.0
            +---------+---------+-------+---------+---------+-------
